 Dungeon Crawl Stone Soup version 0.18.1-8-gdd0e5ea (webtiles) character file.

42 georgeearnest the Insei (level 3, -4/31 HPs)
             Began as a Draconian Monk on May 24, 2016.
             Was a Believer of Makhleb.
             Slain by Edmund
             ... wielding a +0 dire flail
              (12 damage)
             ... on level 4 of the Dungeon.
             The game lasted 00:02:25 (1183 turns).

georgeearnest the Insei (Draconian Monk)            Turns: 1183, Time: 00:02:26

Health: -4/31      AC:  5    Str: 13    XL:     3   Next: 33%
Magic:  3/3        EV: 13    Int: 10    God:    Makhleb [**....]
Gold:   86         SH:  0    Dex: 14    Spells: 0 memorised, 2 levels left

rFire  + . .     SeeInvis .       - Unarmed
rCold  . . .     Gourm    .     (armour unavailable)
rNeg   . . .     Faith    .     (no shield)
rPois  .         Spirit   .     (helmet restricted)
rElec  .         Dismiss  .     (no cloak)
rCorr  .         Reflect  .     (no gloves)
SustAt .         Harm     .     (no boots)
MR     .....                    (no amulet)
Stlth  ++........               (no ring)
                                i - ring of protection from fire

@: not resistant to hostile enchantments, unstealthy
A: unfitting armour, cold-blooded, AC +5
a: Minor Destruction, Renounce Religion


You were on level 4 of the Dungeon.
You worshipped Makhleb.
Makhleb was pleased with you.
You were not hungry.

You visited 1 branch of the dungeon, and saw 4 of its levels.

You collected 86 gold pieces.

Inventory:

Jewellery
 i - a ring of protection from fire (left hand)
Scrolls
 b - 3 scrolls of fog {unknown}
 c - 2 scrolls of amnesia {unknown}
 g - a scroll of identify {unknown}
 h - a scroll of teleportation {unknown}
 k - a scroll of remove curse {unknown}
 n - a scroll of noise {unknown}
Potions
 d - a potion of curing {unknown}
 e - a potion of ambrosia {unknown}
 j - a potion of brilliance {unknown}
 l - a potion of degeneration {unknown}
Comestibles
 a - 3 bread rations
 f - a slice of pizza
 m - a beef jerky


   Skills:
 + Level 3.4 Fighting
 + Level 3.0 Dodging
 + Level 1.7 Stealth
 + Level 4.8 Unarmed Combat


You had 2 spell levels left.
You didn't know any spells.

Dungeon Overview and Level Annotations

Branches:
Dungeon (4/15)
 Temple: D:4-7

Altars:
Makhleb

Annotations:
D:3 Sigmund
D:4 Edmund, Eustachio


Innate Abilities, Weirdness & Mutations

Your plain brown scales are hard (AC +5).
Your body does not fit into most forms of armour.
You are cold-blooded and may be slowed by cold attacks.


Message History

The bat misses you.
The quasit gives a chilling moan.
The bat hits you but does no damage. The bat hits you but does no damage.
Eustachio mumbles some strange words.
The bat hits you but does no damage. The bat barely misses you.
Eustachio growls, "To hell with you, honourless miscreant!"
Eustachio mumbles some strange words.
Eustachio blinks!
Edmund the Younger comes into view.
He is wielding a dire flail.
Edmund shouts!
The bat closely misses you. The bat barely misses you.
Edmund closely misses you.
Found a quarterstaff.
Found a stone staircase leading down.
The bat hits you but does no damage. The bat closely misses you.
Edmund hits you with a dire flail!
* * * LOW HITPOINT WARNING * * *
The bat hits you but does no damage. Edmund hits you with a dire flail!
You die...

############
..>.....@Z.############
##...@b#........ยง...#
.....###...o.5....###.#
..) #....#.###.###.# #
#...@.......5..##
#....#.##.###...#
...............(..
##.....##..#..#.?.#
#.....##.###.##...
.........#.....##


You could see Edmund, Eustachio, a quasit, an orc, a bat and a quokka skeleton.

Vanquished Creatures
  An adder (D:2)
  A dart slug (D:2)
  A giant gecko (D:1)
  2 giant cockroaches (D:1)
  4 goblins
  5 hobgoblins
  A quokka (D:2)
  2 bats (D:1)
  A giant newt (D:2)
  7 kobolds
  A rat (D:3)
26 creatures vanquished.

Notes
Turn   | Place    | Note
--------------------------------------------------------------
     0 | D:1      | georgeearnest the Draconian Monk began the quest for the Orb.
     0 | D:1      | Reached XP level 1. HP: 19/19 MP: 1/1
   164 | D:1      | Reached XP level 2. HP: 14/26 MP: 2/2
   865 | D:2      | Reached XP level 3. HP: 29/31 MP: 3/3
   867 | D:2      | Found a burning altar of Makhleb.
   882 | D:2      | Became a worshipper of Makhleb the Destroyer
   882 | D:2      | Reached * piety under Makhleb
   882 | D:2      | Reached ** piety under Makhleb
  1062 | D:2      | Noticed Sigmund
  1160 | D:4      | Noticed Eustachio
  1180 | D:4      | Noticed Edmund
  1183 | D:4      | Slain by Edmund

Skill      XL: |  1  2  3 |
---------------+----------+-----
Dodging        | 3 |  3.0
Fighting       | |  3.4
Stealth        | |  1.7
Unarmed Combat | |  4.8

Action                   || total
-------------------------++-------
Melee: Unarmed           ||    68
       Tailslap          ||     4
  Eat: Bread ration      ||     1
Armor: Skin              ||    34
Dodge: Dodged            ||    81
